 Dungeon Crawl Stone Soup version 0.27-a0-1186-g8b4daa1eef (webtiles) character file.

Game seed: 16970452847632938699

39 robertstho the Magician (level 3, -4/25 HPs)
             Began as a Djinni Fire Elementalist on May 19, 2021.
             Slain by a scorpion (6 damage)
             ... on level 2 of the Dungeon.
             The game lasted 00:01:54 (2120 turns).

robertstho the Magician (Djinni Fire Elementalist)  Turns: 2120, Time: 00:01:55

Health: -4/25      AC:  2    Str:  7    XL:     3   Next: 67%
Gold:   42         EV: 12    Int: 19    God:
                   SH:  0    Dex: 13

rFire    + + .     SeeInvis +   (no weapon)
rCold    x . .     Faith    .   (no shield)
rNeg     . . .     Spirit   .   a - +0 robe
rPois    ∞         Reflect  .   (no helmet)
rElec    .         Harm     .   (no cloak)
rCorr    .         Rampage  .   (no gloves)
Will     .....                  (boots unavailable)
Stlth    ++........             (no amulet)
HPRegen  0.08/turn              (no ring)
MPRegen  0.00/turn              (no ring)

@: about to teleport, flying
A: sickness immunity, fire resistance 2, cold vulnerability 1, float, innate
caster, hp casting, extra vitality 1, see invisible, clever 1
a: no special abilities


You were on level 2 of the Dungeon.
You visited 1 branch of the dungeon, and saw 2 of its levels.

You collected 42 gold pieces.

Inventory:

Armour
 a - a +0 robe (worn)
Scrolls
 b - a scroll of amnesia {unknown}
 e - a scroll of identify {unknown}


   Skills:
 + Level 2.3 Dodging
 + Level 1.7 Stealth
 * Level 3.3 Spellcasting


You couldn't memorise any spells.
You knew the following spells:

 Your Spells              Type           Power      Damage    Failure   Level
a - Foxfire               Conj/Fire      60%        2x1d7     3%          1
b - Conjure Flame         Conj/Fire      15%        6-21      11%         3
c - Inner Flame           Hex/Fire       15%        N/A       11%         3
d - Sticky Flame          Conj/Fire      15%        2d4       36%         4
e - Fireball              Conj/Fire      7%         3d5       71%         5
f - Sting                 Tmut/Pois      60%        1d6       3%          1
Your spell library was empty.

Dungeon Overview and Level Annotations

Branches:
Dungeon (2/15)

Altars:


Innate Abilities, Weirdness & Mutations

You are immune to sickness and miasma.
You are immune to poison.
Your flesh is very heat resistant. (rF++)
You are vulnerable to cold. (rC-)
You float through the air rather than walking.
You learn spells naturally, not from books.
Your magical power is your life essence.
You have superior vitality. (+4 HP)
You have supernaturally acute eyesight. (SInv)
Your mind is acute. (Int +2)


Message History

Press: ? - help, Q - select action, (/) - cycle Dir - look around, f - activate You conjure some foxfire!
The foxfire hits the scorpion.
The scorpion is lightly wounded.
The foxfire hits the ball python.
You kill the ball python!
The scorpion stings you! x2
* * * LOW HITPOINT WARNING * * *
Casting: Foxfire (safe; 4% risk of failure)
Press: ? - help, Q - select action, (/) - cycle Dir - look around, f - activate You conjure some foxfire!
* * * LOW HITPOINT WARNING * * *
The foxfire hits the scorpion but does no damage. x2
The scorpion barely misses you.
The foxfire hits the scorpion but does no damage.
The foxfire hits the scorpion.
The scorpion is lightly wounded.
Things that are here:
a +0 club; a goblin corpse It was a potion of mutation.
You feel extremely strange.
Your vision sharpens.
You feel clever. The scorpion stings you.
* * * LOW HITPOINT WARNING * * *
It was a potion of curing.
You feel better.
The scorpion stings you but does no damage.
The scorpion barely misses you.
Casting: Foxfire (safe; 3% risk of failure)
Confirm with . or Enter, or press ? or * to list all spells.
You aren't experienced enough to cast this spell.
Found a scroll labelled BUM WEINI TUUF.
The scorpion closely misses you.
As you read the scroll labelled VAIS BI ZIRE, it crumbles to dust.
You feel strangely unstable.
It was a scroll of teleportation.
The scorpion stings you.
You see here a scroll labelled BUM WEINI TUUF.
b - a scroll labelled BUM WEINI TUUF The scorpion stings you.
* * * LOW HITPOINT WARNING * * *
The scorpion stings you.
You die...

.. ..# ... ..#####
...####>. ..###
......†.###.#..
........##.<#.######
........##..#..@...#
........##..#.s.##.#
.?.......)..#..##
.......†##......#
.##.....#######.#
#.....# .# #.....#
.# .......# ##
........#


You could see a scorpion.

Vanquished Creatures
  A gnoll (D:1)
  2 ball pythons
  An endoplasm (D:1)
  A giant cockroach (D:1)
  2 hobgoblins (D:1)
  7 jackals (D:1)
  2 quokkas
  3 bats (D:1)
  A frilled lizard (D:1)
  A goblin (D:2)
  3 kobolds (D:1)
  4 rats (D:1)
28 creatures vanquished.

Vanquished Creatures (others)
  116 foxfires
116 creatures vanquished.

Grand Total: 144 creatures vanquished

Notes
Turn   | Place    | Note
-------+----------+-------------------------------------------
     0 | D:1      | robertstho the Djinni Fire Elementalist began the quest for
                  | the Orb.
     0 | D:1      | Reached XP level 1. HP: 15/15 MP: 0/0
    79 | D:1      | Reached XP level 2. HP: 9/21 MP: 0/0
   923 | D:1      | Reached skill level 3 in Spellcasting
   923 | D:1      | Reached XP level 3. HP: 12/25 MP: 0/0
   923 | D:1      | Learned a level 1 spell: Sting
  1689 | D:1      | Found a faded altar of an unknown god.
  2102 | D:2      | Noticed a scorpion
  2111 | D:2      | Gained mutation: You have supernaturally acute eyesight.
                  | (SInv) [potion of mutation]
  2111 | D:2      | Gained mutation: Your mind is acute. (Int +2) [potion of
                  | mutation]
  2120 | D:2      | Slain by a scorpion

Illustrated notes

Levels and vault maps discovered:
D:1:      dpeg_arrival_round_a, layout_loops_corners,
          shapermc_ecumenical_altar_mp_urbaneastern, hex_medium,
          serial_park_tiny_1
D:2:      layout_basic, basic_altar, minivault_5, uniq_crazy_yiuf_cottage

Skill      XL: |  1  2 |
---------------+-------+-----
Spellcasting   | 3 |  3.3
Dodging        | |  2.3
Stealth        | |  1.7

Action                   || total
-------------------------++-------
 Cast: Foxfire           ||    71
  Use: Potion            ||     2
       Scroll            ||     1
Armor: Robe              ||     4
Dodge: Dodged            ||    20

Table legend: (Time is in decaauts)
 A = Elapsed time spent in this place.
 B = Non-inter-level travel time spent in this place.
 C = Inter-level travel time spent in this place.
 D = Time resting spent in this place.
 E = Time spent auto-exploring this place.
 F = Levels seen in this place.
 G = Mean time per level.
                   A        B        C        D        E       F      G
               +--------+--------+--------+--------+--------+-----+--------+
         Total |   2119 |   2092 |     27 |      0 |   1907 |   2 | 1059.5 |
       Dungeon |   2119 |   2092 |     27 |      0 |   1907 |   2 | 1059.5 |
               +--------+--------+--------+--------+--------+-----+--------+

Top non-repeatable levels by time:
     D:1: 1999 daAuts
     D:2: 120 daAuts
